 Dungeon Crawl Stone Soup version 0.18-a0-1147-g8e8348b (webtiles) character file.

142 Leszczynek the Cudgeler (level 5, -2/36 HPs)
             Began as an Octopode Fighter on Jan 22, 2016.
             Slain by an orc wizard
             ... wielding a +0 dagger
              (4 damage)
             ... on level 3 of the Dungeon.
             The game lasted 00:05:46 (2053 turns).

Leszczynek the Cudgeler (Octopode Fighter)          Turns: 2053, Time: 00:05:48

Health: -2/36      AC:  1    Str: 15    XL:     5   Next: 24%
Magic:  5/5        EV: 10    Int: 11    God:
Gold:   70         SH:  8    Dex: 12    Spells: 0 memorised, 4 levels left

rFire  . . .     SeeInvis .     a - +0 flail
rCold  . . .     Gourm    .     n - +0 shield
rNeg   . . .     Faith    .     (helmet restricted)
rPois  .         Spirit   .     (no amulet)
rElec  .         Dismiss  .     (no ring)
rCorr  .         Reflect  .     (no ring)
SustAt .         Harm     .     (no ring)
MR     .....                    (no ring)
Stlth  ++++......               (no ring)
                                (no ring)
                                (no ring)
                                (no ring)

@: not resistant to hostile enchantments, stealthy
A: almost no armour, amphibious, 8 rings, constrict 8, camouflage 1, gelatinous
body 1
a: no special abilities


You were on level 3 of the Dungeon.
You were not hungry.

You visited 1 branch of the dungeon, and saw 3 of its levels.

You collected 70 gold pieces.

Inventory:

Hand Weapons
 a - a +0 flail (weapon)
 b - a +0 hunting sling
Missiles
 e - 65 stones (quivered)
 m - 35 sling bullets
 p - 15 poisoned needles
Armour
 n - a +0 shield (worn)
Scrolls
 g - 2 scrolls of identify {unknown}
 i - 2 scrolls of teleportation {unknown}
 k - 2 scrolls of immolation {unknown}
 q - a scroll of remove curse {unknown}
 t - a scroll of random uselessness {unknown}
Potions
 c - a potion of might
 h - a potion of agility {unknown}
 j - a potion of heal wounds {unknown}
 l - 3 potions of flight {unknown}
 o - a potion of cure mutation {unknown}
 r - a potion of curing {unknown}
 s - a potion of beneficial mutation {unknown}
Comestibles
 d - a bread ration
 f - 3 chunks of flesh


   Skills:
 - Level 3.0 Fighting
 + Level 4.4 Maces & Flails
 - Level 3.0 Dodging
 - Level 3.9 Stealth
 - Level 3.0 Shields


You had 4 spell levels left.
You didn't know any spells.

Dungeon Overview and Level Annotations

Branches:
Dungeon (3/15)

Altars:
Vehumet


Innate Abilities, Weirdness & Mutations

You cannot wear most types of armour.
You are amphibious.
You can wear up to eight rings at the same time.
You can use your tentacles to constrict eight enemies at once.
Your skin changes colour to match your surroundings (Stealth).
Your rubbery body absorbs attacks (AC +1).


Message History

Items here: )) †† a hand axe; a hand axe of chopping; an orc corpse x2
You block its attack.
You closely miss something. Something hits you.
You thump something! Something hits you but does no damage.
You miss something. Something hits you.
You barely miss something. Your squeeze misses something.
Something hits you. x2
* * * LOW HITPOINT WARNING * * *
You barely miss something. Something hits you.
* * * LOW HITPOINT WARNING * * *
You barely miss something. Something hits you but does no damage.
You barely miss something. You block its attack.
A bat comes into view.
You hit something.
You hear some strange, mumbled words.
A magic dart appears from out of thin air!
The magic dart hits you!
* * * LOW HITPOINT WARNING * * *
Something hits you.
You die...

.. # .. . .. .## .#
##.. ### .###!.. .
#.. ....# .. #.#
#o..# .. #.# #)# ..
#.# ##@#
..########.####..#
...##.......)...##
#.##.####.####b#
#....#....# #.#
#....#.##.## #.#
##...#.#...###.###
###......._........
†.....###..[#.#....


You could see an orc and a bat.

Vanquished Creatures
  A scorpion (D:3)
  4 adders
  2 worms (D:2)
  A giant gecko (D:1)
  2 orcs (D:3)
  A giant cockroach (D:1)
  3 goblins
  12 hobgoblins
  9 kobolds
  6 bats
  2 giant newts (D:2)
  8 rats
51 creatures vanquished.

Notes
Turn   | Place    | Note
--------------------------------------------------------------
     0 | D:1      | Leszczynek the Octopode Fighter began the quest for the Orb.
     0 | D:1      | Reached XP level 1. HP: 16/16 MP: 1/1
   132 | D:1      | Reached skill level 1 in Stealth
   145 | D:1      | Reached XP level 2. HP: 21/21 MP: 2/2
   492 | D:1      | Reached XP level 3. HP: 26/26 MP: 3/3
  1060 | D:2      | Reached XP level 4. HP: 31/31 MP: 4/4
  1900 | D:3      | Reached skill level 4 in Maces & Flails
  1900 | D:3      | Reached XP level 5. HP: 36/36 MP: 5/5
  1910 | D:3      | Found a radiant altar of Vehumet.
  2053 | D:3      | Slain by an orc wizard

Vault maps used:
D:1:      dpeg_arrival_windows_large_door
D:3:      nicolae_overflow_crystal_walls, lemuel_round_altar

Action                   |  1- 3 |  4- 6 || total
-------------------------+-------+-------++-------
Melee: Flail             |    49 |    43 ||    92
 Fire: Hunting sling     |     7 |     7 ||    14
Throw: Stone             |     1 |     2 ||     3
 Stab: Sleeping          |     8 |     2 ||    10
  Eat: Chunk             |       |     4 ||     4
